 Dungeon Crawl Stone Soup version 0.22-a0-231-g1b571ea (webtiles) character file.

3159 mortelune the Frost Mage (level 9, 0/85 HPs)
             Began as a Demonspawn Ice Elementalist on Feb 20, 2018.
             Slain by a killer bee (1 damage)
             ... on level 8 of the Dungeon.
             The game lasted 00:24:52 (10965 turns).

mortelune the Frost Mage (DsIE)                    Turns: 10965, Time: 00:24:53

Health: 0/85       AC:  8    Str: 13    XL:     9   Next: 62%
Magic:  0/18       EV: 17    Int: 20    God:
Gold:   287        SH:  0    Dex: 19    Spells: 7/21 levels left

rFire    . . .     SeeInvis .   C - +0 spear "Soef" {drain, rElec MR+} (curse)
rCold    . . .     Gourm    .   (no shield)
rNeg     + . .     Faith    .   a - +0 robe
rPois    .         Spirit   +   D - +2 helmet
rElec    +         Reflect  .   (no cloak)
rCorr    .         Harm     .   I - +0 pair of gloves
MR       +....                  (no boots)
Stlth    ..........             (no amulet)
HPRegen  0.24/turn              s - ring of positive energy
MPRegen  0.16/turn              (no ring)

@: mighty, agile, berserking, lethally poisoned (0 -> -17), flying, very quick
A: claws 2, thin metallic scales 1, nightstalker 1, magic shield
a: no special abilities


You were on level 8 of the Dungeon.
You were not hungry.

You visited 2 branches of the dungeon, and saw 9 of its levels.

You collected 287 gold pieces.

Inventory:

Hand Weapons
 c - a +0 club
 m - a +3 spear
 o - a +0 whip
 r - a +1 vampiric hand axe
 u - a +0 hand axe
 v - a +1 flail of protection
 C - the cursed +0 spear "Soef" (weapon) {drain, rElec MR+}
   (You found it on level 5 of the Dungeon)

   A truly terrible weapon, it drains the life of those it strikes.
   It insulates you from electricity.
   It affects your resistance to hostile enchantments.
   It has a curse placed upon it.
Armour
 a - a +0 robe (worn)
 k - a +1 hat
 D - a +2 helmet (worn)
 I - a +0 pair of gloves (worn)
Jewellery
 s - a ring of positive energy (left hand)
Wands
 K - a wand of disintegration (13)
Scrolls
 g - 2 scrolls of remove curse
 h - 2 scrolls of enchant weapon
 i - 2 scrolls of magic mapping {unknown}
 n - a scroll of fog
 t - a scroll of immolation {unknown}
 w - a scroll of summoning {unknown}
 y - 3 scrolls of fear {unknown}
 z - a scroll of enchant armour {unknown}
 A - a scroll of silence {unknown}
 B - a scroll of random uselessness {unknown}
 E - 2 scrolls of identify
 H - a scroll of noise {unknown}
Potions
 e - a potion of degeneration
 l - a potion of berserk rage
 x - a potion of mutation
 J - a potion of flight
Comestibles
 b - 5 rations


   Skills:
 - Level 1.7 Dodging
 - Level 1.7 Stealth
 + Level 6.6 Spellcasting
 + Level 6.7 Conjurations
 * Level 9.2 Ice Magic


You had 7 spell levels left.
You knew the following spells:

 Your Spells              Type           Power        Failure   Level  Hunger
a - Freeze                Ice            ####         1%          1    None
b - Throw Frost           Conj/Ice       #####.       1%          2    None
c - Ozocubu's Armour      Chrm/Ice       ####....     4%          3    #......
d - Throw Icicle          Conj/Ice       #####...     3%          4    ###....
e - Summon Ice Beast      Ice/Summ       ####....     14%         4    ###....


Dungeon Overview and Level Annotations

Branches:
Dungeon (8/15)             Temple (1/1) D:7
   Lair: D:8-11

Altars:
Cheibriados
Dithmenos
Elyvilon
Fedhas
Gozag
Hepliaklqana
Kikubaaqudgha
Makhleb
Nemelex Xobeh
Okawaru
Qazlal
Sif Muna
Trog
Uskayaw
Vehumet
Wu Jian
Xom
Yredelemnul
Zin
The Shining One

Annotations:
D:2 Sigmund
D:4 Menkaure; varam's ghost, amateur DsNe


Innate Abilities, Weirdness & Mutations

You have very sharp fingernails.
You are partially covered in thin metallic scales. (AC +2)
You are slightly more attuned to the shadows.
When hurt, damage is shared between your health and your magic reserves.


Message History

The howler monkey misses you. The killer bee stings you.
* * * LOW HITPOINT WARNING * * *
You are more poisoned.
The killer bee poisons you!
You completely miss the killer bee.
* * * LOW HITPOINT WARNING * * *
You feel sick. The killer bee closely misses you.
The killer bee stings you but does no damage.
The howler monkey hits you.
* * * LOW HITPOINT WARNING * * *
The killer bee stings you but does no damage.
You barely miss the killer bee.
* * * LOW HITPOINT WARNING * * *
You feel sick. The killer bee misses you. The killer bee closely misses you.
The killer bee misses you. The howler monkey hits you.
* * * LOW HITPOINT WARNING * * *
You barely miss the killer bee.
* * * LOW HITPOINT WARNING * * *
You feel sick. The killer bee closely misses you. The killer bee stings you.
You die...

#.#. #.#.# .
#....## .#
.#.....###..
..........
#....yy#
#....@h#
#...#.......
### ..###...
#.## .. #.
##


You could see a howler monkey and 2 killer bees.

Vanquished Creatures
  A two-headed ogre (D:7)
  A hippogriff (D:6)
  A hungry ghost (D:7)
  An ice beast (D:5)
  A black bear (D:6)
  A sky beast (D:6)
  2 ogres
  A centaur (D:6)
  4 bullfrogs
  10 killer bees (D:8)
  2 howler monkeys (D:7)
  5 crimson imps
  4 hounds
  3 centaur skeletons
  An orc priest (D:7)
  2 jellies
  A bullfrog skeleton (D:5)
  A gnoll shaman (D:5)
  2 iguanas
  Natasha (thrice) (D:4)
  2 orc wizards
  3 worker ants
  4 gnolls (D:5)
  5 adders
  A shadow imp (D:5)
  An ooze (D:4)
  2 adder skeletons
  5 worms
  5 leopard geckos
  12 orcs
  6 bats
  6 giant cockroaches
  11 goblins
  11 hobgoblins
  6 jackals
  4 quokkas
  3 ball pythons
  A ball python skeleton (D:4)
  2 frilled lizards
  2 jackal skeletons
  A jackal zombie (D:5)
  6 kobolds
  8 rats
154 creatures vanquished.

Notes
Turn   | Place    | Note
-------+----------+-------------------------------------------
     0 | D:1      | mortelune the Demonspawn Ice Elementalist began the quest for the Orb.
     0 | D:1      | Reached XP level 1. HP: 13/13 MP: 3/3
    62 | D:1      | Reached skill level 3 in Ice Magic
    75 | D:1      | Gained mutation: You have sharp fingernails. [demonic ancestry]
    75 | D:1      | Reached XP level 2. HP: 19/19 MP: 0/5
   126 | D:1      | Learned a level 2 spell: Throw Frost
  1274 | D:2      | Found an iron altar of Okawaru.
  1532 | D:2      | Gained mutation: You are slightly more attuned to the shadows. [demonic ancestry]
  1532 | D:2      | Reached XP level 3. HP: 15/24 MP: 1/6
  2130 | D:2      | Noticed Sigmund
  2346 | D:2      | Found a white marble altar of Elyvilon.
  2441 | D:2      | Learned a level 3 spell: Ozocubu's Armour
  2555 | D:3      | Gained mutation: You are partially covered in thin metallic scales. (AC +2) [demonic ancestry]
  2555 | D:3      | Reached XP level 4. HP: 30/30 MP: 2/8
  3641 | D:3      | Reached skill level 4 in Ice Magic
  3993 | D:4      | Noticed Natasha
  4068 | D:4      | Killed Natasha
  4068 | D:4      | Reached XP level 5. HP: 29/35 MP: 0/9
  4167 | D:4      | HP: 1/35 [centaur skeleton (3)]
  4403 | D:4      | Noticed Natasha
  4473 | D:4      | Killed Natasha
  4479 | D:4      | Learned a level 4 spell: Throw Icicle
  4536 | D:4      | Noticed Natasha
  4539 | D:4      | Killed Natasha
  4770 | D:4      | Noticed Menkaure
  4801 | D:4      | Noticed an ogre
  4822 | D:4      | Noticed varam's ghost (amateur DsNe)
  4845 | D:4      | Killed an ogre
  4845 | D:4      | Gained mutation: When hurt, damage is shared between your health and your magic reserves. [demonic ancestry]
  4845 | D:4      | Reached XP level 6. HP: 41/41 MP: 0/11
  5098 | D:5      | Entered Level 5 of the Dungeon
  5180 | D:5      | Reached skill level 5 in Ice Magic
  5732 | D:5      | Reached XP level 7. HP: 46/46 MP: 5/13
  5873 | D:4      | Learned a level 4 spell: Summon Ice Beast
  6074 | D:5      | Got a faintly glowing spear
  6075 | D:5      | Identified the cursed +0 spear "Soef" {drain, rElec MR+} (You found it on level 5 of the Dungeon)
  6376 | D:5      | Reached skill level 6 in Ice Magic
  6629 | D:5      | Found a hazy altar of Hepliaklqana.
  6963 | D:6      | Found a sparkling altar of Nemelex Xobeh.
  7015 | D:6      | Reached XP level 8. HP: 48/52 MP: 4/15
  7160 | D:6      | Found a snail-covered altar of Cheibriados.
  7371 | D:6      | Found a bloodstained altar of Trog.
  7880 | D:6      | Reached skill level 5 in Spellcasting
  7963 | D:6      | Reached skill level 7 in Ice Magic
  8149 | D:7      | Reached skill level 5 in Conjurations
  8433 | D:7      | Noticed a hippogriff
  8435 | D:7      | Noticed a two-headed ogre
  8496 | D:6      | Killed a hippogriff
  8952 | D:7      | Reached skill level 8 in Ice Magic
  9169 | D:7      | Found a staircase to the Ecumenical Temple.
  9182 | Temple   | Entered the Ecumenical Temple
  9686 | D:7      | Killed a two-headed ogre
  9686 | D:7      | Gained mutation: You have very sharp fingernails. [demonic ancestry]
  9686 | D:7      | Reached XP level 9. HP: 57/57 MP: 0/18
 10068 | D:8      | Reached skill level 9 in Ice Magic
 10964 | D:8      | HP: 3/85 [howler monkey (3)]
 10965 | D:8      | HP: 1/85 [poisoned by a killer bee]
 10965 | D:8      | Slain by a killer bee

Vault maps used:
D:1:      scummos_arrival_simple_fountains, roderic_serpentine_path,
          minivault_5, minmay_pentomino_s4
D:2:      okawaru_metal_pillars_1_2, elyvilon_altar_3, uniq_sigmund
D:4:      amethyst_killhole, lemuel_another_geyser, uniq_menkaure, uniq_natasha
D:5:      kennysheep_little_box, first_ration, kennysheep_path_1,
          kennysheep_generic_room_9
D:6:      lightli_temple_of_fire, lemuel_doored_altar, overflow_temple_1_default
D:7:      minmay_temple_entry_fiery, uniq_crazy_yiuf_cottage
D:8:      david_nohive_1
Temple:   dpeg_chambers_temple

Skill      XL: |  1  2  3  4  5  6  7  8  9 |
---------------+----------------------------+-----
Ice Magic      | 3 4 5 6 8 9 |  9.2
Conjurations   | 2 3 4 6 |  6.7
Spellcasting   | 3 4 6 |  6.6
Dodging        | |  1.7
Stealth        | |  1.7

Action                   |  1- 3 |  4- 6 |  7- 9 || total
-------------------------+-------+-------+-------++-------
Melee: Club              |    13 |     9 |       ||    22
       Hand axe          |       |    22 |       ||    22
       Flail             |       |    17 |     8 ||    25
       Spear             |       |       |   104 ||   104
 Cast: Freeze            |    46 |    48 |    89 ||   183
       Throw Frost       |    15 |    61 |    84 ||   160
       Ozocubu's Armour  |       |     5 |     5 ||    10
       Throw Icicle      |       |       |    22 ||    22
       Summon Ice Beast  |       |       |     2 ||     2
  Use: Potion            |       |     1 |     7 ||     8
       Scroll            |       |    10 |     4 ||    14
  Eat: Chunk             |     6 |    10 |     4 ||    20
       Ration            |       |     1 |     7 ||     8
Armor: Robe              |     6 |    32 |    93 ||   131
Dodge: Dodged            |    48 |    67 |   156 ||   271

Table legend:
 A = Spawn XP
 B = Non-spawn XP
 C = Spawn XP percentage of total XP
 D = Spawn monster count
 E = Non-spawn monster count
 F = Spawn count percentage of total count
 G = Total turns spent on level
                    A         B        C        D         E        F      G
               +---------+---------+-------+---------+---------+-------+---------
         Total |       0 |    4514 |   0.0 |       0 |     154 |   0.0 | 10965
               +---------+---------+-------+---------+---------+-------+---------
           D:1 |       0 |      23 |   0.0 |       0 |      14 |   0.0 |   981
           D:2 |       0 |      62 |   0.0 |       0 |      19 |   0.0 |  1526
           D:3 |       0 |      76 |   0.0 |       0 |      28 |   0.0 |  1727
           D:4 |       0 |     305 |   0.0 |       0 |      17 |   0.0 |   936
           D:5 |       0 |     662 |   0.0 |       0 |      27 |   0.0 |  1531
           D:6 |       0 |    1002 |   0.0 |       0 |      14 |   0.0 |  1750
           D:7 |       0 |    1384 |   0.0 |       0 |      14 |   0.0 |  1104
           D:8 |       0 |    1000 |   0.0 |       0 |      21 |   0.0 |  1165
               +---------+---------+-------+---------+---------+-------+---------
